 Dungeon Crawl Stone Soup version 0.27.1-34-g3ba077fa99 (webtiles) character file.

Game seed: 5537788517947893851

3707 nonceun the Severer (level 9, -3/70 HPs)
             Began as a Minotaur Berserker on Jan 21, 2022.
             Was an Elder of Trog.
             Slain by a gnoll (7 damage)
             ... on level 9 of the Dungeon on Jan 22, 2022.
             The game lasted 00:24:15 (7569 turns).

nonceun the Severer (Minotaur Berserker)            Turns: 7569, Time: 00:24:16

Health: -3/70      AC: 10    Str: 25    XL:     9   Next: 91%
Magic:  8/8        EV: 11    Int:  4    God:    Trog [****..]
Gold:   343        SH:  0    Dex: 10    Spells: 8/8 levels left

rFire    + . .     SeeInvis .   a - +0 hand axe
rCold    . . .     Faith    .   (no shield)
rNeg     + . .     Spirit   .   t - +3 ring mail {rPois}
rPois    +         Reflect  .   (helmet restricted)
rElec    .         Harm     .   i - +0 cloak
rCorr    .         Rampage  .   (no gloves)
Will     .....                  g - +0 pair of boots
Stlth    ..........             H - amulet of the acrobat
HPRegen  0.21/turn              r - ring of positive energy
MPRegen  0.11/turn              D - ring of protection from fire

@: on berserk cooldown, slowed, very slow
A: horns 2, retaliatory headbutt
a: Renounce Religion, Berserk, Trog's Hand, Brothers in Arms


You were on level 9 of the Dungeon.
You worshipped Trog.
Trog was greatly pleased with you.
You visited 1 branch of the dungeon, and saw 9 of its levels.
You also visited: Sewer.

You collected 343 gold pieces.

Inventory:

Hand Weapons
 a - a +0 hand axe (weapon)
 F - a +0 war axe
Missiles
 o - 7 poisoned darts (quivered)
 G - 12 arrows
Armour
 g - a +0 pair of boots (worn)
 i - a +0 cloak (worn)
 k - a +0 plate armour
 t - a +3 ring mail of poison resistance (worn)
Jewellery
 r - a ring of positive energy (left hand)
 B - a ring of positive energy
 D - a ring of protection from fire (right hand)
 H - an amulet of the acrobat (around neck)
Wands
 p - a wand of flame (25)
 s - a wand of iceblast (10)
 E - a wand of polymorph (8)
Scrolls
 c - 2 scrolls of acquirement {unknown}
 d - 3 scrolls of identify
 f - 3 scrolls of fear
 j - a scroll of immolation {unknown}
 l - 2 scrolls of noise {unknown}
 n - 2 scrolls of brand weapon {unknown}
 v - a scroll of fog {unknown}
 w - a scroll of vulnerability {unknown}
 y - a scroll of blinking {unknown}
 C - a scroll of amnesia {unknown}
 I - a scroll of enchant armour {unknown}
Potions
 b - 2 potions of lignification {unknown}
 e - a potion of berserk rage {unknown}
 h - 2 potions of mutation {unknown}
 m - 2 potions of might {unknown}
 q - 5 potions of brilliance {unknown}
 u - 3 potions of attraction {unknown}
 x - a potion of heal wounds {unknown}
 z - 3 potions of flight
 A - 5 potions of curing


   Skills:
 - Level 3.6 Fighting
 + Level 15.0 Axes
 * Level 6.2 Bows
 - Level 2.4 Armour
 - Level 2.1 Dodging


You had 8 spell levels left.
You didn't know any spells.
Your spell library was empty.

Dungeon Overview and Level Annotations

Branches:
Dungeon (9/15)             Temple (0/1) D:5           Sewer (visited)
   Lair: D:8-11         Orc: D:9-12

Altars:
Elyvilon
Fedhas
Gozag
Qazlal
Vehumet
Xom
Zin

Annotations:
D:3 2 runed translucent doors, Grinder
D:7 !Joseph, exclusion: statue, Joseph
D:8 3 runed translucent doors, Pin's ghost, novice DsAK


Innate Abilities, Weirdness & Mutations

You have a pair of horns on your head.
You reflexively headbutt those who attack you in melee.


Message History

You feel very sick.
The gnoll hits you with a +1 whip of pain.
* * * LOW HITPOINT WARNING * * *
Things that are here:
a +1 trident of venom; a +0 scale mail; a gnoll corpse You hit the gnoll.
The gnoll is heavily wounded.
You feel sick.
You barely miss the gnoll. You headbutt the gnoll!
You kill the gnoll!
Trog accepts your kill.
You feel sick.
You feel sick.
You now have 343 gold pieces (gained 15).
You see here a +1 whip of pain.
You feel sick.
You start resting.
You feel a strong urge to attack something.
You feel sick.
You start resting.
You feel sick.
You feel your anger nearly subside.
You are no longer berserk.
You are exhausted.
You feel yourself slow down.
You feel sick.
You start resting.
You feel sick. x4
You are no longer poisoned.
A gnoll comes into view. It is wielding a +0 flail.
The gnoll shouts!
The gnoll barely misses you. You furiously retaliate!
You headbutt the gnoll. The gnoll completely misses you.
There is an escape hatch in the floor here.
The gnoll hits you with a +0 flail.
* * * LOW HITPOINT WARNING * * *
You slide downwards.
The hatch slams shut behind you.
The orc warrior shouts!
The orc shouts!
The orc priest shouts!
Found 28 stones.
As you read the scroll labelled MUCUTO QEVAA, it crumbles to dust.
It is a scroll of identify.
f - 3 scrolls of fear The gnoll hits you with a +0 flail!
You die...

. # .#
.##.##
#####....o.
#.........#
#..@...o.(#
#.g....o..#
#.........#
#.........#
#.........#
#.........#
#.........#
####+#...##


You could see an orc warrior, an orc priest, a gnoll and an orc.

Vanquished Creatures
  A two-headed ogre (D:6)
  Prince Ribbit (D:7)
  A troll (D:8)
  A steam dragon (D:5)
  A water moccasin (D:5)
  Duvessa (D:7)
  A black bear (D:6)
  An ice beast (D:6)
  3 orc warriors
  2 necrophages
  2 ogres
  A kobold brigand (Sewer)
  4 phantoms
  2 scorpions (D:5)
  A gnoll sergeant (D:8)
  Dowan (D:7)
  A water moccasin zombie (D:7)
  4 wights (D:7)
  A howler monkey (D:6)
  2 jellies
  A bullfrog zombie (D:6)
  A centaur zombie (D:6)
  2 orc priests
  2 centaur skeletons
  A bullfrog skeleton (D:4)
  Ijyb (D:5)
  Terence (D:3)
  2 iguanas
  An orc wizard (D:8)
  A howler monkey zombie (D:6)
  6 gnolls
  A howler monkey skeleton (D:7)
  5 adders
  2 river rats (Sewer)
  A shadow imp (D:8)
  A white imp (D:8)
  An ufetubus (D:6)
  5 worms
  2 dart slugs
  14 orcs
  4 ball pythons
  5 bats
  6 endoplasms
  5 giant cockroaches
  8 goblins
  5 hobgoblins
  10 jackals
  14 kobolds
  3 quokkas
  A frilled lizard (D:3)
  9 rats
153 creatures vanquished.

Vanquished Creatures (others)
  A quokka (D:6)
  3 plants (D:8)
4 creatures vanquished.

Grand Total: 157 creatures vanquished

Notes
Turn   | Place    | Note
-------+----------+-------------------------------------------
     0 | D:1      | nonceun the Minotaur Berserker began the quest for the Orb.
     0 | D:1      | Reached XP level 1. HP: 19/19 MP: 0/0
    56 | D:1      | Reached skill level 4 in Axes
    93 | D:1      | Reached XP level 2. HP: 26/26 MP: 1/1
   315 | D:1      | Found a faded altar of an unknown god.
   674 | D:1      | Reached skill level 5 in Axes
   677 | D:1      | Reached XP level 3. HP: 27/31 MP: 2/2
  1018 | D:2      | Reached ** piety under Trog
  1890 | D:3      | Found a shimmering altar of Xom.
  1986 | D:3      | Reached XP level 4. HP: 39/39 MP: 3/3
  1992 | D:3      | Found a shimmering altar of Xom.
  2075 | D:3      | Reached skill level 6 in Axes
  2097 | D:3      | Noticed Terence
  2106 | D:3      | Killed Terence
  2185 | D:3      | Found a large runed translucent door.
  2186 | D:3      | Found a large runed translucent door.
  2186 | D:3      | Noticed Grinder
  2782 | D:4      | Found a stormy altar of Qazlal.
  2911 | D:4      | Found a glowing silver altar of Zin.
  2912 | D:4      | Found an opulent altar of Gozag.
  2966 | D:4      | Reached XP level 5. HP: 34/45 MP: 4/4
  3103 | D:4      | Noticed a phantom
  3111 | D:4      | Reached skill level 7 in Axes
  3111 | D:4      | Reached skill level 1 in Bows
  3119 | D:4      | Killed a phantom
  3393 | D:4      | Noticed an ogre
  3401 | D:4      | Killed an ogre
  3402 | D:4      | Reached skill level 8 in Axes
  3402 | D:4      | Reached XP level 6. HP: 40/51 MP: 5/5
  3407 | D:4      | Reached *** piety under Trog
  3724 | D:5      | Entered Level 5 of the Dungeon
  3724 | D:5      | Found a blossoming altar of Fedhas.
  3768 | D:5      | Reached skill level 9 in Axes
  3940 | D:5      | Noticed a steam dragon
  3948 | D:5      | Killed a steam dragon
  3949 | D:5      | Reached XP level 7. HP: 57/57 MP: 6/6
  4198 | D:5      | Found a staircase to the Ecumenical Temple.
  4354 | D:5      | Noticed Ijyb
  4382 | D:5      | Killed Ijyb
  4545 | D:5      | Reached skill level 10 in Axes
  5059 | D:6      | Noticed a two-headed ogre
  5155 | D:6      | Reached XP level 8. HP: 36/64 MP: 7/7
  5162 | D:6      | Reached skill level 11 in Axes
  5421 | D:6      | Killed a two-headed ogre
  5422 | D:6      | Reached skill level 13 in Axes
  5425 | D:6      | Reached XP level 9. HP: 60/70 MP: 8/8
  5563 | D:6      | Found a glowing drain.
  5567 | Sewer    | Entered a sewer
  5736 | Sewer    | Found a glowing silver altar of Zin.
  6244 | D:6      | Reached **** piety under Trog
  6313 | D:6      | Found a white marble altar of Elyvilon.
  6512 | D:7      | Noticed Duvessa
  6521 | D:7      | Killed Duvessa
  6522 | D:7      | Reached skill level 14 in Axes
  6522 | D:7      | Noticed Dowan
  6525 | D:7      | Reached skill level 5 in Bows
  6532 | D:7      | Killed Dowan
  6745 | D:7      | Noticed Prince Ribbit
  6754 | D:7      | Killed Prince Ribbit
  7008 | D:7      | Found a radiant altar of Vehumet.
  7137 | D:7      | Noticed Joseph
  7306 | D:8      | Noticed a troll
  7313 | D:8      | Killed a troll
  7416 | D:8      | Found a runed translucent gate.
  7417 | D:8      | Found a runed translucent gate.
  7418 | D:8      | Found a runed translucent gate.
  7420 | D:8      | Noticed an 11-headed hydra
  7420 | D:8      | Noticed Pin's ghost (novice DsAK)
  7420 | D:8      | Noticed an 11-headed hydra
  7551 | D:8      | Reached skill level 15 in Axes
  7567 | D:8      | HP: 3/70 [gnoll (5)]
  7569 | D:9      | Slain by a gnoll

Illustrated notes

Levels and vault maps discovered:
D:1:      nzn_arrival_crosshair, layout_basic,
          hellmonk_ecumenical_altar_leap_of_faith
D:2:      layout_basic, minmay_crystal_water, minmay_misc_feat_tiny
D:3:      layout_loops_ring, xom_redecorated, jmf_multi_god_temple2,
          uniq_grinder, uniq_terence
D:4:      layout_cave_pods, grunt_temple_overflow_gold_and_silver,
          kennysheep_little_box, minmay_misc_feat_doors
D:5:      layout_basic, fedhas_altar_2, minmay_temple_entry_tees, uniq_ijyb
D:6:      layout_loops_cross, elyvilon_altar_4, gup_sewer_entry_spiral,
          st_stairs_13, kennysheep_generic_room_12
D:7:      layout_basic, vehumet_statue, uniq_prince_ribbit1, uniq_duvessa,
          uniq_joseph
D:8:      layout_basic, mainiacjoe_overflow_catwalk, gammafunk_ghost_hydra_chop
D:9:      minmay_separated_statues, layout_basic, lemuel_doored_altar,
          kennysheep_mini, yredelemnul_altar_generic, lair_entry_dummy,
          serial_corexii_hall, chequers_hall_statues_corner_a,
          corexii_hall_statues_x

Skill      XL: |  1  2  3  4  5  6  7  8  9 |
---------------+----------------------------+-----
Axes           | 4 5 6 8 9 10 13 15 | 15.0
Bows           | 1 2 3 4 6 |  6.2
Fighting       | |  3.6
Armour         | |  2.4
Dodging        | |  2.1

Action                   |  1- 3 |  4- 6 |  7- 9 || total
-------------------------+-------+-------+-------++-------
Melee: Hand axe          |    88 |   112 |   360 ||   560
       Headbutt          |    13 |    22 |    58 ||    93
Throw: Dart              |       |       |     5 ||     5
Invok: Berserk           |       |     2 |     6 ||     8
  Use: Scroll            |       |       |     1 ||     1
 Stab: Sleeping          |     1 |       |       ||     1
Armor: Animal skin       |    24 |       |       ||    24
       Plate armour      |    14 |    47 |    29 ||    90
       Ring mail         |       |       |    83 ||    83
Dodge: Dodged            |    51 |    39 |   131 ||   221
